 Dungeon Crawl Stone Soup version 0.32-a0-732-ga344392067 (webtiles) character file.

Game seed: 10871652073957615003

6 runemasterragnar the Ruffian (level 1, -1/13 HPs)
             Began as an Octopode Shapeshifter on Mar 16, 2024.
             Slain by a goblin
             ... wielding a +0 club
              (5 damage)
             ... on level 1 of the Dungeon.
             The game lasted 00:00:09 (87 turns).

runemasterragnar the Ruffian (Octopode Shapeshifter)  Turns: 87, Time: 00:00:10

Health: -1/13      AC:  1    Str: 13    XL:     1   Next: 90%
Magic:  1/1        EV: 12    Int: 12    God:
Gold:   0          SH:  0    Dex: 11    Spells: 0/0 levels left

rFire   . .          .
                       - Unarmed
rCold   . . .        (no shield)
rNeg    . . .        (helmet currently unavailable)
rPois   .            (no amulet)
rElec   .            (no ring)
rCorr   .            (no ring)
SInv    .            (no ring)
Will    .....        (no ring)
Stlth   ++           (no ring)
HPRegen 0.22/turn    (no ring)
MPRegen 0.07/turn    (no ring)
                     (no ring)

%: no passive effects
@: beast-form
A: beast (slay +1), almost no armour, amphibious, 8 rings, camouflage 1,
gelatinous body 1, (nimble swimmer 1), tentacles
a: Begin Untransformation


You were on level 1 of the Dungeon.
You were a hulking beast.
You visited 1 branch of the dungeon, and saw 1 of its levels.

Inventory:

Talismans
 b - a beast talisman (active)
 c - a flux talisman
Potions
 a - a potion of lignification


   Skills:
 + Level 1.1 Fighting
 + Level 2.1 Dodging
 + Level 0.7 Stealth
 + Level 3.0 Unarmed Combat
 + Level 3.0 Shapeshifting


You couldn't memorise any spells.
You didn't know any spells.
Your spell library was empty.

Dungeon Overview and Level Annotations

Branches:
Dungeon (1/15)

Altars:


Innate Abilities, Weirdness & Mutations

You are a hulking beast.
Your limbs bulge with bestial killing power. (Slay +1)
You cannot wear most types of armour.
You are amphibious.
You can wear up to eight rings at the same time.
Your skin changes colour to match your surroundings (Stealth+).
Your rubbery body absorbs attacks. (AC +1, EV +1)
((You are camouflaged when in or above water. (Stealth+)))
You have tentacles for arms and can constrict up to eight enemies at once.


Message History

Found 2 murky purple potions.
An endoplasm comes into view.
A hobgoblin comes into view.
The hobgoblin barely misses you.
A goblin comes into view. It is wielding a +0 club.
You completely miss the hobgoblin. You grab the hobgoblin.
You constrict the hobgoblin. The hobgoblin closely misses you.
You tentacle-slap the hobgoblin.
You kill the hobgoblin!
The ball python bites you. The ball python completely misses you.
There are monsters nearby!
You tentacle-slap the ball python. Your grab misses the ball python.
The ball python is severely wounded.
The ball python bites you but does no damage.
The ball python closely misses you.
Unknown command.
You tentacle-slap the ball python.
You kill the ball python!
The endoplasm freezes you.
You are frozen.
You tentacle-slap the endoplasm.
The endoplasm is heavily wounded.
The endoplasm freezes you.
You are frozen.
You tentacle-slap the endoplasm.
The endoplasm is almost dead.
The endoplasm closely misses you.
You closely miss the goblin. Your grab misses the goblin.
The hobgoblin barely misses you. The goblin closely misses you.
The endoplasm hits you.
* * * LOW HITPOINT WARNING * * *
Unknown command.
You miss the goblin. Your grab misses the goblin.
The hobgoblin closely misses you. The endoplasm closely misses you.
The goblin misses you.
Unknown command.
You tentacle-slap the endoplasm.
You kill the endoplasm!
The goblin hits you with a +0 club.
You die...

######.⌠.### .....
#...# ..... #
#.⌠.# .....#####
!# #...#
.........##.#
#.⌠.#
.........#..#
#...#
..............
#.>.#
......g..#.#.#
#...#
$.....gh.#.#.#
#.⌠.#
........##.#.#
#...###
.....##.##.#.#
##..##.. ....
#.#..#.# #.......
...
#.#)#..####.###...
..
#.............#...
.
##..#.#####.#.#...
#.##.# ..#.##..
###.#..# #### ##..


You could see a hobgoblin and a goblin.

Vanquished Creatures
  A dart slug (D:1)
  An endoplasm (D:1)
  A hobgoblin (D:1)
  A kobold (D:1)
  A ball python (D:1)
5 creatures vanquished.

Notes
Turn   | Place    | Note
-------+----------+-------------------------------------------
     0 | D:1      | runemasterragnar the Octopode Shapeshifter began the quest
                  | for the Orb.
     0 | D:1      | Reached XP level 1. HP: 13/13 MP: 1/1
    87 | D:1      | Slain by a goblin

Illustrated notes

Levels and vault maps discovered:
D:1:      lemuel_arrival_hallway, layout_basic

Action                     || total
---------------------------++-------
  Melee: Unarmed           ||    12
         Constrict         ||     2
         Tentacles         ||     1
   Stab: Sleeping          ||     1
 Armour: Skin              ||     5
  Dodge: Dodged            ||    10

Table legend: (Time is in decaauts)
 A = Elapsed time spent in this place.
 B = Non-inter-level travel time spent in this place.
 C = Inter-level travel time spent in this place.
 D = Time resting spent in this place.
 E = Time spent auto-exploring this place.
 F = Levels seen in this place.
 G = Mean time per level.
                   A        B        C        D        E       F      G
               +--------+--------+--------+--------+--------+-----+--------+
         Total |     86 |     86 |      0 |      0 |     60 |   1 |   86.0 |
       Dungeon |     86 |     86 |      0 |      0 |     60 |   1 |   86.0 |
               +--------+--------+--------+--------+--------+-----+--------+

Top non-repeatable levels by time:
     D:1: 86 daAuts
